 Dungeon Crawl Stone Soup version 0.29-a0-341-g24ffce5b50 (webtiles) character file.

Game seed: 3103292493416299849

2 spaghetti the Caller (level 1, 9/15 HPs)
             Began as a Deep Dwarf Summoner on Apr 20, 2022.
             Quit the game on level 1 of the Dungeon.
             The game lasted 00:00:40 (103 turns).

spaghetti the Caller (Deep Dwarf Summoner)           Turns: 103, Time: 00:00:41

Health: 9/15       AC:  2    Str: 11    XL:     1   Next: 33%
Magic:  0/3        EV: 12    Int: 15    God:
Gold:   10         SH:  0    Dex: 13    Spells: 2/3 levels left

rFire   . . .      SeeInvis .   (no weapon)
rCold   . . .      Faith    .   (no shield)
rNeg    . . .      Spirit   .   a - +0 robe
rPois   .          Reflect  .   (no helmet)
rElec   .          Harm     .   (no cloak)
rCorr   .          Rampage  .   (no gloves)
Will    .....                   (no boots)
Stlth   ++........              (no amulet)
HPRegen 0.00/turn               (no ring)
MPRegen 0.08/turn               (no ring)

@: no status effects
A: damage resistance, heal wounds, sense surroundings 1, no regeneration
a: Heal Wounds


You were on level 1 of the Dungeon.
You visited 1 branch of the dungeon, and saw 1 of its levels.

You collected 10 gold pieces.


Innate Abilities, Weirdness & Mutations

You are resistant to damage.
You can heal yourself by infusing magical energy.
You passively map a small area around you.
You do not regenerate.


   Skills:
 - Level 2.1 Dodging
 - Level 2.4 Stealth
 + Level 1.8 Spellcasting
 + Level 3.6 Summonings
 * Level 0.2 Air Magic


You had 2 spell levels left.
You knew the following spells:

 Your Spells              Type           Power      Damage    Failure   Level
a - Summon Small Mammal   Summ           48%        N/A       4%          1

Your spell library contained the following spells:

 Spells                   Type           Power      Damage    Failure   Level
 Call Imp                 Summ           12%        N/A       8%          2
 Call Canine Familiar     Summ           12%        N/A       16%         3
 Summon Guardian Golem    Hex/Summ       6%         N/A       32%         3
 Summon Lightning Spire   Summ/Air       7%         N/A       71%         4

Inventory:

Hand Weapons
 d - a +0 club {mace}
   (You found it on level 1 of the Dungeon)
Armour
 a - a +0 robe (worn)
Scrolls
 c - a scroll of identify {unknown}
Potions
 b - a potion of magic
 e - a potion of curing {unknown}

Dungeon Overview and Level Annotations

Branches:
Dungeon (1/15)

Altars:

, ..≈..≈..≈..≈.###
....... ..≈..≈.<≈..≈....
* .......
#.≈≈.≈.≈≈..≈....
.......*#....≈.....≈....
, ....$..
###..≈.....≈.... *
.......####..≈≈≈≈≈≈≈....
.......#................
*
...[..g#...#.###........
.......@r?...# #........
.......#K....#####.#.###
##...............†.#.###
#.#####...#............
# *#...#.#####...... *
#.)..#.# ##...... *
#.#..#..* #.....##
P...♣..#. #.#.#..#
≈≈...P. .# #.#.##.#


You could see a gnoll (ally target), a kobold and a friendly rat (summoned).


Message History

Your quokka barely misses the rat.
Your magical contamination has completely faded away.
Your quokka barely misses the rat.
The rat bites your quokka.
Your quokka bites the rat.
The rat dies!
Your quokka disappears in a puff of smoke!
Your quokka disappears in a puff of smoke!
Key pressed, stopping explore.
e - a silvery potion 😎 MP[+3]
Your mp is fully restored (3).
A goblin comes into view. It is wielding a +0 dagger.
A goblin is nearby!
Unknown command.
Unknown command.
Unknown command.
Casting: Summon Small Mammal (safe; 5% risk of failure)
Confirm with . or Enter, or press ? or * to list all spells.
😎 MP[-1]
You lost 1 mp, and now have 2/3 mp.
Casting: Summon Small Mammal (safe; 5% risk of failure)
Confirm with . or Enter, or press ? or * to list all spells.
The goblin shouts! 😎 MP[-1]
You lost 1 mp, and now have 1/3 mp.
What are your orders? t - Shout!
Orders for allies: a - Attack new target. r - Retreat! s - Stop attacking. g - Guard the area. f - Follow me.
Anything else - Cancel.
Gang up on whom?
Press: ? - help, Dir - move target, f - goblin
Aim: a goblin, wielding a +0 dagger (ally target) Attack!
Your bat barely misses the goblin.
Your bat closely misses the goblin.
The goblin hits your bat with a +0 dagger.
Your bat barely misses the goblin.
Your bat hits the goblin.
Your bat closely misses the goblin.
Your bat hits the goblin. The goblin barely misses your bat.
Your bat completely misses the goblin.
The goblin misses your bat.
Your rat closely misses the goblin.
The goblin hits your bat with a +0 dagger.
Your rat closely misses the goblin.
Your bat barely misses the goblin.
Your bat barely misses the goblin.
The goblin barely misses your bat.
Your rat bites the goblin.
The goblin dies!
A kobold comes into view. It is wielding a +0 short sword.
A kobold is nearby!
A kobold is nearby!
A kobold is nearby!
A kobold is nearby!
Unknown command.
A kobold is nearby!
A kobold is nearby!
A kobold is nearby!
A kobold is nearby!
Unknown command.
A goblin comes into view. It is wielding a +0 dagger.
The kobold throws a stone.
The stone barely misses your rat. The stone closely misses your bat.
The stone closely misses you. 😎 MP[+1]
The goblin shouts!
A gnoll comes into view. It is wielding a +0 club.
Casting: Summon Small Mammal (safe; 5% risk of failure)
Confirm with . or Enter, or press ? or * to list all spells.
Your rat disappears in a puff of smoke! 😎 MP[-1]
You lost 1 mp, and now have 1/3 mp.
Casting: Summon Small Mammal (safe; 5% risk of failure)
Confirm with . or Enter, or press ? or * to list all spells.
Your bat disappears in a puff of smoke!
The kobold throws a stone.
The stone barely misses your rat. The stone misses you. 😎 MP[-1]
You lost 1 mp, and now have 0/3 mp.
Unknown command.
Your rat barely misses the goblin.
Your rat bites the goblin.
You see here a scroll labelled JUBUENL KIPEWK.
Your rat misses the goblin.
Unknown command.
The kobold throws a stone.
The stone hits you but does no damage. The goblin hits you with a +0 dagger.
Your rat bites the goblin. x2
The goblin dies!
You see here a scroll labelled JUBUENL KIPEWK. 😕 HP[-2]
You take 2 damage, and now have 13/15 hp.
The gnoll hits your rat with a +0 club.
Your rat dies!
Your rat's corpse disappears in a puff of smoke!
Things that are here:
a +0 dagger {short}; a goblin corpse You swap places.
The gnoll misses you.
Really attack while wielding nothing?
You closely miss the gnoll. The kobold closely misses you.
The gnoll hits you with a +0 club. 😮 HP[-4]
You take 4 damage, and now have 9/15 hp.
MASSIVE DAMAGE!! (PAUSE) Are you sure you want to abandon this character and quit the game? (Confirm with "yes".)

Action                   || total
-------------------------++-------
Melee: Unarmed           ||     1
 Cast: Summon Small Mamm ||     6
Armor: Robe              ||     1
Dodge: Dodged            ||     4

Levels and vault maps discovered:
D:1:      ebering_hopf_link, layout_rooms, serial_shops,
          nicolae_shop_bloodbath_and_beyond, dilly_ecumenical_altar_fadedgnrine,
          serial_bayou_lagoon_a, serial_bayou_pond_a, minmay_domino_4

Notes
Turn   | Place    | Note
-------+----------+-------------------------------------------
     0 | D:1      | spaghetti the Deep Dwarf Summoner began the quest for the
                  | Orb.
     0 | D:1      | Reached XP level 1. HP: 15/15 MP: 3/3
     0 | D:1      | magus.rc [v1.9.6]
   103 | D:1      | Quit the game

Vanquished Creatures (collateral kills)
  2 goblins (D:1)
  A rat (D:1)
3 creatures vanquished.

Table legend:
 A = Non-vault XP
 B = Vault XP
 C = Vault XP percentage of total XP
 D = Non-vault monster count
 E = Vault monster count
 F = Vault count percentage of total count
                 A         B        C        D         E       F
            +---------+---------+-------+---------+---------+-------
      Total |       4 |       0 |   0.0 |       3 |       0 |   0.0
            +---------+---------+-------+---------+---------+-------
        D:1 |       4 |       0 |   0.0 |       3 |       0 |   0.0
            +---------+---------+-------+---------+---------+-------

Illustrated notes

Table legend:
 A = Kills in this place as a percentage of kills in entire the game.
 B = Kills by you in this place as a percentage of kills by you in the entire game.
 C = Kills by friends in this place as a percentage of kills by friends in the entire game.
 D = Other kills in this place as a percentage of other kills in the entire game.
 E = Experience gained in this place as a percentage of experience gained in the entire game.
 F = Experience gained in this place divided by the number of levels of this place that you have seen.
                   A       B       C       D       E      F
               +-------+-------+-------+-------+-------+----------------------
         Total | 100.0 |   N/A | 100.0 |   N/A | 100.0 |   4.0
       Dungeon | 100.0 |   N/A | 100.0 |   N/A | 100.0 |   4.0
               +-------+-------+-------+-------+-------+----------------------

Table legend: (Time is in decaauts)
 A = Elapsed time spent in this place.
 B = Non-inter-level travel time spent in this place.
 C = Inter-level travel time spent in this place.
 D = Time resting spent in this place.
 E = Time spent auto-exploring this place.
 F = Levels seen in this place.
 G = Mean time per level.
                   A        B        C        D        E       F      G
               +--------+--------+--------+--------+--------+-----+--------+
         Total |    104 |    104 |      0 |      0 |     67 |   1 |  104.0 |
       Dungeon |    104 |    104 |      0 |      0 |     67 |   1 |  104.0 |
               +--------+--------+--------+--------+--------+-----+--------+

Top non-repeatable levels by time:
     D:1: 104 daAuts
